woodfighter, chaotic female human Barbarian ------ ------ ---- |....|--- |..^.---..| ----- ---- ---- --.......-----.).)..}..# |..}-##..|##### ### ---- ##..|---- |}%...|..%..|..)%.%(}--#-----### ---....#|..|# # # ##|..-###---#|...-..| |}^.----%)..%..%%.).---....}.# # ##.}....|--#### ####--##....|##.^#---....-- |}.}| |........--%%.......}.| # #|.}|..-- ### #|.}.|--..|#|..| |.....| ##..--###.....|..#-#--.......---###|-.--## # # #- }.| |-.-#-..|---.....| #|..### |..--.---#-#|}.......|...| |...| ######-#-#|...}.|--...#...-|...*.--- #---#------.........|}...|.......###...-- # #....|..--#-|....|.......--#- #--.}|..--#.%.|......}...|--.....| |....| # |......-%%##|..%.|....--..## #|.......##--.-...|..}|..# |-...---|..%.#-#-- --..%%| # #|....##-......| ##..|....||......----#-#-##|......###---#|%.---#....| #####...--#|....-##--- #----#-###......| # # #)......-- #%%...##---.-- -#---##...%.---|...| ##---# |.<.--#- %##----...--..| #-...| |...| |..|##|..--#- --...| --#-..## -#-...# #--......||..| ####|...####.%.| #..## |...## |....| |.....|#####--..| ####.....-#--##----# #--#--# |-..####---#--...|###|..-#- |.(.-#--#--#|..-- -#--|.....|#### |.^#### # ####}.----# |.....--- ###--#-- |)---###...##..####..###----- #---#(.|# # # |}@||..###*...| |.)|..| |.....||...||..| |..||..#### ##..##---## ##### |}.||..| |.^..| |.%...| |..|..|--------- ----|..| ###|..| ### -------- --..-- ------- ------- ---- ---- ---- woodfighter the Chieftainess Experience level: 28 Strength: 25 Dexterity: 19 Constitution: 19 Intelligence: 18 Wisdom: 16 Charisma: 11 Health: 252(252) Energy: 82(82) Def: 49 Gold: 261 Moves: 56800 Dungeon seed: leFjdNMZ9MMlYL9l Game ID: woodfighter_1445516999 Your Inventory: Coins $ - 261 gold pieces Amulets X - a blessed amulet of reflection (being worn) Weapons a - the blessed rustproof +7 Cleaver b - 10 blessed +5 daggers (in quiver) Armor e - a blessed +5 cloak of protection (being worn) r - a blessed +4 pair of speed boots (being worn) C - a blessed rusty +5 pair of gauntlets of power (being worn) I - a blessed +4 Hawaiian shirt (being worn) N - a blessed rusty +4 helm of brilliance (being worn) V - a blessed greased +5 gray dragon scale mail (being worn) Y - an uncursed +0 pair of leather gloves Comestibles Z - an uncursed lizard corpse Rings m - an uncursed ring of warning y - a blessed ring of levitation (on left hand) E - an uncursed ring of regeneration (on right hand) J - an uncursed ring of regeneration T - an uncursed ring of searching Wands l - a wand of death (0:4) F - a wand of polymorph (0:5) H - a wand of sleep (0:4) K - a wand of opening (0:7) M - a blessed wand of magic missile (0:6) O - a wand of striking (0:8) P - a wand of digging (0:7) Q - a wand of fire (0:3) U - a wand of teleportation (0:3) Tools c - an uncursed lock pick d - a +0 unicorn horn h - an uncursed magic whistle j - the uncursed Candelabrum of Invocation (no candles attached) (0:0) o - a thoroughly rusty +0 pick-axe (weapon in hand) s - a blessed greased bag of holding t - an uncursed towel v - a cursed magic lamp (lit) w - an uncursed stethoscope D - a blessed +0 unicorn horn Gems k - the blessed Heart of Ahriman q - a blessed touchstone Contents of the bag of holding: 13187 gold pieces an uncursed amulet of life saving an uncursed amulet of strangulation the cursed -2 Sting a blessed +1 mummy wrapping an uncursed clove of garlic 5 uncursed food rations 3 uncursed lizard corpses an uncursed sprig of wolfsbane 2 blessed scrolls of create monster an uncursed scroll of create monster 2 cursed scrolls of create monster an uncursed scroll of destroy armor an uncursed scroll of enchant weapon an uncursed scroll of magic mapping a blessed scroll of teleportation 10 uncursed scrolls of teleportation a cursed scroll of teleportation 2 uncursed scrolls of wishing 3 uncursed potions of extra healing a blessed potion of fruit juice a blessed potion of full healing 4 uncursed potions of full healing a cursed potion of full healing an uncursed potion of gain ability an uncursed potion of gain energy 2 uncursed potions of gain level a blessed potion of healing an uncursed potion of healing an uncursed potion of healing an uncursed potion of invisibility 4 uncursed potions of object detection an uncursed potion of paralysis a blessed potion of sickness an uncursed potion of sleeping a blessed potion of speed 3 uncursed potions of speed 2 cursed potions of speed a potion of unholy water 3 uncursed potions of water a blessed +1 ring of adornment an uncursed ring of conflict an uncursed ring of conflict an uncursed ring of conflict an uncursed ring of fire resistance an uncursed ring of free action a cursed ring of hunger a cursed ring of hunger an uncursed +1 ring of increase damage an uncursed ring of invisibility an uncursed ring of levitation an uncursed ring of shock resistance a cursed ring of sustain ability a cursed ring of teleportation a cursed ring of teleportation a wand of cold (0:4) a wand of create monster (0:15) a wand of create monster (0:14) a wand of create monster (0:14) a wand of create monster (0:14) a wand of death (0:0) a wand of digging (0:8) a wand of digging (0:8) a wand of digging (0:8) a wand of digging (0:7) a wand of digging (0:7) a wand of digging (0:7) a wand of digging (0:5) a wand of digging (0:5) a wand of digging (0:5) a wand of digging (0:4) a wand of digging (0:4) a wand of digging (0:4) a wand of digging (0:3) a wand of enlightenment (0:15) a wand of fire (0:8) a wand of fire (0:7) a cursed wand of fire (0:7) a wand of lightning (0:3) a wand of lightning (0:2) a wand of magic missile (0:6) a cursed wand of magic missile (0:6) a wand of magic missile (0:4) a wand of magic missile (0:3) a wand of make invisible (0:7) a wand of make invisible (0:6) a wand of make invisible (0:4) a wand of nothing (0:5) a wand of opening (0:6) a wand of polymorph (0:8) a wand of polymorph (0:6) a wand of probing (0:4) a wand of sleep (0:5) a wand of slow monster (0:4) a wand of slow monster (0:4) a wand of speed monster (0:5) a wand of speed monster (0:4) a wand of striking (0:7) a wand of striking (0:7) a wand of striking (0:7) a cursed wand of striking (0:7) a wand of striking (0:5) a wand of teleportation (0:8) a wand of teleportation (0:8) a wand of teleportation (0:4) a wand of undead turning (0:7) a wand of wishing named castle (1:0) a blessed magic lamp a +0 unicorn horn an uncursed agate stone an uncursed amethyst stone an uncursed chrysoberyl stone an uncursed diamond 2 uncursed jasper stones an uncursed jet stone a blessed luckstone Spells and supernatural/magical abilities: Name Level Category Fail Memory r - remove curse 3* clerical 100% 0% W - pray for help -- divine ? -- Your skills at the end: Miscellaneous Skills bare handed combat [Basic] Weapon Skills dagger [Basic] axe [Master] two-handed sword [Basic] Spellcasting Skills Final Attributes: You were piously aligned. You were fire resistant. You were cold resistant. You were sleep resistant. You were shock resistant. You were poison resistant. You were magic-protected. You saw invisible. You were telepathic. You were invisible to others. You were stealthy. You were levitating. You regenerated. You were protected. You were very fast. You had reflection. You were extremely lucky. You had extra luck. Good luck did not time out for you. You are dead. Vanquished creatures: Orcus a mammoth Vlad the Impaler Medusa Croesus 2 krakens 5 iron golems 7 storm giants 3 titans 15 deep ettins 4 glass golems 5 balrogs Thoth Amon 10 purple worms 2 gray dragons 2 silver dragons 6 red dragons 4 white dragons an orange dragon 2 blue dragons 7 green dragons 4 yellow dragons 20 minotaurs 5 jabberwocks 9 baluchitheria 8 stone golems 20 Olog-hai 27 pit fiends 6 sandestins 2 hell hounds 9 titanotheres 7 trappers a baby gray dragon a baby white dragon a baby black dragon a baby blue dragon 23 baby green dragons a guardian naga 15 vampire lords 6 shades 5 skeletons 7 captains a water troll 5 clay golems 10 nurses 14 ice devils 12 nalfeshnees 8 lurkers above 2 Aleaxes 6 frost giants 2 black puddings 19 vampires 29 ghosts 10 ettins 9 lieutenants a queen bee 4 winged gargoyles a mind flayer 12 giant mimics 3 fire giants 3 ogre kings 12 ice trolls 88 rock trolls 9 umber hulks 3 flesh golems 6 Elvenkings 15 doppelgangers 24 hezrous 34 bone devils a salamander 23 large mimics 3 wumpuses 2 baby purple worms 15 long worms 4 couatls 16 stalkers 5 air elementals 6 fire elementals 4 earth elementals a water elemental 7 hill giants 2 giant mummies a black naga 8 xorns 18 giant zombies 8 elf-lords 24 sergeants a water demon 29 vrocks 21 wargs 3 winter wolves 8 hell hound pups 30 small mimics 7 island nymphs a glass piercer 8 warhorses 3 steam vortices 14 xans 6 ettin mummies 9 ogre lords 7 quantum mechanics 65 trolls a sasquatch 3 wood golems 11 mariliths 4 sharks 6 electric eels a pyrolisk 5 large dogs 4 freezing spheres 6 flaming spheres 8 shocking spheres 2 large cats 12 tigers 6 gargoyles 4 dwarf kings 6 tengu 11 gelatinous cubes 11 ochre jellies 13 chameleons 5 crocodiles 6 leocrottas 7 mountain centaurs 8 giants 7 elf mummies 7 human mummies 5 red nagas 2 green slimes 5 pit vipers a python 7 cobras 41 wraiths 15 ettin zombies 2 leather golems 12 Grey-elves 119 soldiers a horned devil 13 succubi 9 incubi 13 giant beetles 25 cockatrices 8 wolves 4 winter wolf cubs a lynx 6 panthers 15 gremlins 13 leprechauns 8 quivering blobs 7 spotted jellies 11 lizards 3 mountain nymphs 4 orc-captains 7 mumakil 8 giant spiders 9 scorpions 4 iron piercers 6 horses 3 black lights 7 vampire bats 4 forest centaurs 3 gnome kings 3 orc mummies 5 dwarf mummies 83 ogres 6 brown puddings 33 rust monsters 8 owlbears 5 yetis 8 gold golems 5 werewolves 9 Green-elves 11 giant eels 4 chickatrices 2 dogs 4 dingos 3 housecats 12 jaguars 5 dwarf lords 5 blue jellies 5 water nymphs 4 white unicorns 3 gray unicorns a black unicorn 10 dust vortices 6 ravens 5 plains centaurs 3 gnome mummies 10 snakes 7 water moccasins 6 apes 13 human zombies 3 rope golems 7 Woodland-elves 42 soldier ants 45 fire ants 9 bugbears 2 imps 2 quasits a baby crocodile 7 wood nymphs 29 Mordor orcs 21 Uruk-hai 7 orc shamans 3 rock moles 8 rock piercers 5 ponies 6 fog clouds 11 yellow lights 5 shriekers 6 violet fungi 16 gnome lords 10 gnomish wizards 7 kobold mummies 3 red naga hatchlings a black naga hatchling a guardian naga hatchling 10 gray oozes 3 barrow wights 12 elf zombies 20 ghouls 3 straw golems 4 paper golems 3 jellyfish 7 giant ants a little dog 17 floating eyes 6 kittens 20 dwarves 2 homunculi 3 kobold lords 8 iguanas 18 hill orcs 13 rothes 3 rabid rats 3 centipedes 4 giant bats a monkey 16 orc zombies 16 dwarf zombies 5 wererats 7 werejackals 25 killer bees 8 gas spores 5 hobbits 7 acid blobs 4 large kobolds 6 geckos 16 hobgoblins 5 giant rats 13 cave spiders 7 brown molds 3 yellow molds 2 green molds 3 red molds 52 gnomes 14 garter snakes 7 manes 10 gnome zombies 7 jackals 6 foxes 8 kobolds 15 newts 14 goblins 2 sewer rats 8 grid bugs 8 bats 13 lichens 14 kobold zombies 2544 creatures vanquished. Genocided or extinct species: hobbits dwarves bugbears dwarf lords dwarf kings mind flayers master mind flayers liches demiliches master liches arch-liches ogres (extinct) disenchanters soldiers (extinct) 12 species genocided. 2 species extinct. Voluntary challenges: You used a wielded weapon 4345 times, starting on turn 4. You read items or engraved 91 times, starting on turn 2778. You genocided 12 types of monsters, starting on turn 11487. You never polymorphed an object. You never changed form. You completed Sokoban on turn 10826, according to the rules. You used 3 wishes, starting on turn 4504. You did not wish for any artifacts. You split 4 puddings, starting on turn 4408. You never wrote Elbereth's name. You violated your moral code, losing 18 points of alignment, starting on turn 26186. Dungeon overview: The Dungeons of Doom: levels 1 to 29 Level 1 (vault) a long staircase Level 2 (vault) an armor shop Level 3 stairs to The Gnomish Mines Level 4 an altar to Mitra Level 5 some fountains Level 6 a general store stairs to Sokoban Level 7 Level 8 Level 9 Level 10 an altar to Mitra Level 11 (quest + open water) portal to The Quest Level 12 a fountain Level 13 a general store, an altar to Set, some fountains Level 14 (big room) Level 15 some altars to Mitra and Crom portal to Fort Ludios Level 16 a fountain Level 17 Level 18 (rogue) Level 19 some fountains Level 20 some fountains Level 21 (vault) Level 22 an altar to Crom, a fountain Level 23 a general store, an altar to Set, a fountain Level 24 (medusa) Level 25 Level 26 Level 27 Level 28 Level 29 (castle) a magic chest, a fountain, a throne Gehennom: levels 30 to 56 Level 30 (bell is here) a temple to Moloch, a magic chest stairs to The Dungeons of Doom Level 31 Level 32 Level 33 Level 34 (asmodeus) a magic chest Level 35 Level 36 Level 37 (swamp) a fountain Level 38 stairs to Vlad's Tower Level 39 Level 40 Level 41 Level 42 (Dispater) a magic chest Level 43 (orcus town) some shops, an altar to Moloch, a magic chest Level 44 (wizzard top) Level 45 Level 46 (wizzard bottom) Level 47 Level 48 Level 49 Level 50 Level 51 Level 52 Level 53 Level 54 Level 55 Level 56 <- You were here The Gnomish Mines: levels 4 to 11 Level 4 stairs to The Dungeons of Doom Level 5 Level 6 Level 7 many shops, a temple to Set, a magic chest, some fountains Level 8 Level 9 Level 10 Level 11 a magic chest, some fountains The Quest: levels 1 to 6 Level 1 a magic chest, a throne portal to The Dungeons of Doom Level 2 Level 3 Level 4 Level 5 Level 6 an altar to Mitra Sokoban: levels 2 to 5 Level 2 a magic chest Level 3 Level 4 Level 5 a magic chest stairs to The Dungeons of Doom Fort Ludios: Level 1 a magic chest, a throne portal to The Dungeons of Doom Vlad's Tower: levels 35 to 37 Level 35 a throne Level 36 an altar to Moloch Level 37 stairs to Gehennom History has recorded: On T:1 you entered the Dungeons of Doom to retrieve the Amulet of Yendor! On T:169 you advanced to experience level 2. On T:296 you reached level 2 of The Dungeons of Doom. On T:507 you reached level 3 of The Dungeons of Doom. On T:534 you advanced to experience level 3. On T:833 you advanced to experience level 4. On T:859 you advanced to experience level 5. On T:1253 you reached level 4 of The Dungeons of Doom. On T:1610 you reached level 1 of The Gnomish Mines. On T:1773 you reached level 2 of The Gnomish Mines. On T:1776 you advanced to experience level 6. On T:1788 you reached level 3 of The Gnomish Mines. On T:1909 you reached level 4 of The Gnomish Mines. On T:2131 you opened a magic chest. On T:2148 you entered the Minetown temple On T:2206 you opened a magic chest. On T:2776 you advanced to experience level 7. On T:2856 you opened a magic chest. On T:2870 you opened a magic chest. On T:3825 you opened a magic chest. On T:4500 you opened a magic chest. On T:4502 you opened a magic chest. On T:4504 you wished for "+3 blessed fixed greased gray dragon scale mail". On T:4599 you advanced to experience level 8. On T:4677 you opened a magic chest. On T:4782 you reached level 5 of The Gnomish Mines. On T:5002 you reached level 6 of The Gnomish Mines. On T:5256 you reached level 7 of The Gnomish Mines. On T:5753 you reached level 8 of The Gnomish Mines. On T:5753 you reached the bottom of the Mines. On T:6115 you opened a magic chest. On T:6116 you opened a magic chest. On T:6120 you opened a magic chest. On T:6129 you opened a magic chest. On T:6129 you opened a magic chest. On T:6149 you opened a magic chest. On T:6150 you opened a magic chest. On T:6154 you opened a magic chest. On T:6154 you opened a magic chest. On T:6155 you opened a magic chest. On T:6156 you opened a magic chest. On T:6320 you advanced to experience level 9. On T:6745 you opened a magic chest. On T:6747 you opened a magic chest. On T:7051 you opened a magic chest. On T:7051 you opened a magic chest. On T:7067 you opened a magic chest. On T:7068 you opened a magic chest. On T:7421 you reached level 5 of The Dungeons of Doom. On T:7901 you reached level 6 of The Dungeons of Doom. On T:7928 you reached level 4 of Sokoban. On T:8061 you reached level 7 of The Dungeons of Doom. On T:8308 you opened a magic chest. On T:8329 you opened a magic chest. On T:8604 you reached level 3 of Sokoban. On T:9053 you reached level 2 of Sokoban. On T:9904 you reached level 1 of Sokoban. On T:10826 you advanced to experience level 10. On T:10826 you entered the Sokoban zoo. On T:10911 you opened a magic chest. On T:11040 you opened a magic chest. On T:11041 you opened a magic chest. On T:11041 you opened a magic chest. On T:11042 you opened a magic chest. On T:11042 you opened a magic chest. On T:11195 you opened a magic chest. On T:11195 you opened a magic chest. On T:11202 you opened a magic chest. On T:11209 you opened a magic chest. On T:11279 you reached level 8 of The Dungeons of Doom. On T:11665 you reached level 9 of The Dungeons of Doom. On T:12820 you opened a magic chest. On T:12823 you opened a magic chest. On T:12824 you opened a magic chest. On T:12824 you opened a magic chest. On T:12947 you reached level 10 of The Dungeons of Doom. On T:13432 you reached level 11 of The Dungeons of Doom. On T:13686 you reached level 12 of The Dungeons of Doom. On T:14288 you reached level 13 of The Dungeons of Doom. On T:14474 you reached level 14 of The Dungeons of Doom. On T:14956 you advanced to experience level 11. On T:15005 you reached level 15 of The Dungeons of Doom. On T:15033 you advanced to experience level 12. On T:15480 you opened a magic chest. On T:15481 you opened a magic chest. On T:15483 you opened a magic chest. On T:15484 you opened a magic chest. On T:15486 you opened a magic chest. On T:15486 you opened a magic chest. On T:15489 you opened a magic chest. On T:15489 you opened a magic chest. On T:15572 you opened a magic chest. On T:15573 you opened a magic chest. On T:15574 you opened a magic chest. On T:15576 you opened a magic chest. On T:15578 you opened a magic chest. On T:15578 you opened a magic chest. On T:16063 you opened a magic chest. On T:16063 you opened a magic chest. On T:16071 you opened a magic chest. On T:16073 you opened a magic chest. On T:16074 you opened a magic chest. On T:16075 you opened a magic chest. On T:16078 you opened a magic chest. On T:16082 you opened a magic chest. On T:16083 you opened a magic chest. On T:16084 you opened a magic chest. On T:16085 you opened a magic chest. On T:16085 you opened a magic chest. On T:16087 you opened a magic chest. On T:16087 you opened a magic chest. On T:16511 you reached level 16 of The Dungeons of Doom. On T:16860 you reached level 17 of The Dungeons of Doom. On T:17233 you reached level 18 of The Dungeons of Doom. On T:17846 you reached level 19 of The Dungeons of Doom. On T:18380 you reached level 20 of The Dungeons of Doom. On T:19233 you reached level 21 of The Dungeons of Doom. On T:19333 you reached level 22 of The Dungeons of Doom. On T:19401 you reached level 23 of The Dungeons of Doom. On T:19421 you reached level 24 of The Dungeons of Doom. On T:19752 you advanced to experience level 13. On T:21716 you opened a magic chest. On T:21717 you opened a magic chest. On T:21727 you opened a magic chest. On T:21743 you opened a magic chest. On T:21745 you opened a magic chest. On T:21747 you opened a magic chest. On T:21749 you opened a magic chest. On T:21750 you opened a magic chest. On T:22332 you received Cleaver from Set. On T:22639 you opened a magic chest. On T:22639 you opened a magic chest. On T:22640 you opened a magic chest. On T:22640 you opened a magic chest. On T:22644 you opened a magic chest. On T:22645 you opened a magic chest. On T:22652 you opened a magic chest. On T:22653 you opened a magic chest. On T:22658 you opened a magic chest. On T:22659 you opened a magic chest. On T:22660 you opened a magic chest. On T:22661 you opened a magic chest. On T:22662 you opened a magic chest. On T:22663 you opened a magic chest. On T:22666 you opened a magic chest. On T:22667 you opened a magic chest. On T:22668 you opened a magic chest. On T:22669 you opened a magic chest. On T:22674 you opened a magic chest. On T:22705 you opened a magic chest. On T:23906 you opened a magic chest. On T:24798 you reached Fort Ludios. On T:25759 you killed Croesus in Fort Ludios. On T:25834 you opened a magic chest. On T:25836 you opened a magic chest. On T:25836 you opened a magic chest. On T:25837 you opened a magic chest. On T:25839 you opened a magic chest. On T:26350 you opened a magic chest. On T:26351 you opened a magic chest. On T:26352 you opened a magic chest. On T:26353 you opened a magic chest. On T:26363 you opened a magic chest. On T:26986 you opened a magic chest. On T:27323 you opened a magic chest. On T:27324 you opened a magic chest. On T:27326 you opened a magic chest. On T:27542 you opened a magic chest. On T:27543 you opened a magic chest. On T:27544 you opened a magic chest. On T:27558 you opened a magic chest. On T:27562 you opened a magic chest. On T:27565 you opened a magic chest. On T:27566 you opened a magic chest. On T:27592 you opened a magic chest. On T:27593 you opened a magic chest. On T:27595 you opened a magic chest. On T:27598 you opened a magic chest. On T:27600 you opened a magic chest. On T:27602 you opened a magic chest. On T:28044 you opened a magic chest. On T:28044 you opened a magic chest. On T:28049 you opened a magic chest. On T:28053 you opened a magic chest. On T:28054 you opened a magic chest. On T:28054 you opened a magic chest. On T:28059 you opened a magic chest. On T:28072 you opened a magic chest. On T:28084 you opened a magic chest. On T:28929 you wished for "blessed fixed ring of levitation". On T:29739 you advanced to experience level 14. On T:30019 you killed Medusa on level 24 of The Dungeons of Doom. On T:30099 you reached level 25 of The Dungeons of Doom. On T:30411 you advanced to experience level 15. On T:31210 you reached level 26 of The Dungeons of Doom. On T:31611 you reached level 27 of The Dungeons of Doom. On T:31936 you reached level 28 of The Dungeons of Doom. On T:32003 you reached The Castle. On T:34406 you opened a magic chest. On T:34408 you opened a magic chest. On T:34410 you opened a magic chest. On T:34411 you opened a magic chest. On T:34674 you opened a magic chest. On T:34675 you opened a magic chest. On T:34675 you opened a magic chest. On T:34966 you opened a magic chest. On T:35640 you advanced to experience level 16. On T:35642 you advanced to experience level 17. On T:35648 you advanced to experience level 18. On T:35867 you reached level 2 of Gehennom. On T:35911 you opened a magic chest. On T:35912 you opened a magic chest. On T:35912 you opened a magic chest. On T:35913 you opened a magic chest. On T:35938 you opened a magic chest. On T:35939 you opened a magic chest. On T:35958 you opened a magic chest. On T:35971 you opened a magic chest. On T:35972 you opened a magic chest. On T:35989 you opened a magic chest. On T:35989 you opened a magic chest. On T:36001 you opened a magic chest. On T:36001 you opened a magic chest. On T:36002 you opened a magic chest. On T:36014 you opened a magic chest. On T:36014 you opened a magic chest. On T:36015 you opened a magic chest. On T:36021 you opened a magic chest. On T:36026 you opened a magic chest. On T:36027 you opened a magic chest. On T:36030 you opened a magic chest. On T:36032 you opened a magic chest. On T:36034 you opened a magic chest. On T:36037 you opened a magic chest. On T:36038 you opened a magic chest. On T:36040 you opened a magic chest. On T:36041 you opened a magic chest. On T:36041 you opened a magic chest. On T:36046 you opened a magic chest. On T:36092 you opened a magic chest. On T:36115 you opened a magic chest. On T:36840 you reached level 1 of The Quest. On T:36993 you embarked upon an epic quest. On T:36998 you reached level 2 of The Quest. On T:37007 you opened a magic chest. On T:37007 you opened a magic chest. On T:37011 you opened a magic chest. On T:37296 you reached level 3 of The Quest. On T:37913 you reached level 4 of The Quest. On T:38154 you reached level 5 of The Quest. On T:38595 you reached level 6 of The Quest. On T:39394 you killed Thoth Amon on level 6 of The Quest. On T:39547 you completed the quest! On T:39552 you opened a magic chest. On T:39552 you opened a magic chest. On T:39554 you opened a magic chest. On T:39555 you opened a magic chest. On T:39558 you opened a magic chest. On T:39559 you opened a magic chest. On T:39560 you opened a magic chest. On T:39562 you opened a magic chest. On T:39562 you opened a magic chest. On T:39563 you opened a magic chest. On T:39563 you opened a magic chest. On T:39563 you opened a magic chest. On T:39564 you opened a magic chest. On T:39565 you opened a magic chest. On T:39565 you opened a magic chest. On T:39569 you opened a magic chest. On T:39570 you opened a magic chest. On T:39570 you opened a magic chest. On T:39570 you opened a magic chest. On T:39571 you opened a magic chest. On T:39573 you opened a magic chest. On T:39574 you opened a magic chest. On T:39575 you opened a magic chest. On T:40148 you opened a magic chest. On T:40149 you opened a magic chest. On T:40150 you opened a magic chest. On T:40151 you opened a magic chest. On T:40151 you opened a magic chest. On T:40154 you wished for "2 blessed greased fixed scrolls of charging". On T:40168 you opened a magic chest. On T:40490 you reached level 3 of Gehennom. On T:40981 you advanced to experience level 19. On T:41449 you opened a magic chest. On T:41462 you opened a magic chest. On T:41463 you opened a magic chest. On T:41465 you opened a magic chest. On T:41468 you opened a magic chest. On T:41834 you received Fire Brand from Set. On T:42083 you received Frost Brand from Set. On T:42645 you opened a magic chest. On T:42646 you opened a magic chest. On T:42647 you opened a magic chest. On T:42647 you opened a magic chest. On T:42771 you reached level 4 of Gehennom. On T:43225 you reached level 5 of Gehennom. On T:43521 you opened a magic chest. On T:44441 you opened a magic chest. On T:44456 you opened a magic chest. On T:44458 you reached level 6 of Gehennom. On T:44812 you reached level 7 of Gehennom. On T:45209 you reached level 8 of Gehennom. On T:45719 you reached level 9 of Gehennom. On T:45780 you reached level 3 of Vlad's Tower. On T:45822 you reached level 10 of Gehennom. On T:46252 you reached level 11 of Gehennom. On T:46578 you reached level 12 of Gehennom. On T:46634 you reached level 14 of Gehennom. On T:46659 you reached level 13 of Gehennom. On T:46732 you opened a magic chest. On T:46733 you opened a magic chest. On T:46734 you opened a magic chest. On T:46735 you opened a magic chest. On T:46736 you opened a magic chest. On T:48262 you opened a magic chest. On T:48275 you opened a magic chest. On T:48275 you opened a magic chest. On T:48276 you opened a magic chest. On T:48277 you opened a magic chest. On T:48288 you opened a magic chest. On T:48298 you opened a magic chest. On T:48299 you opened a magic chest. On T:48310 you opened a magic chest. On T:48310 you opened a magic chest. On T:48311 you opened a magic chest. On T:48312 you opened a magic chest. On T:48323 you opened a magic chest. On T:48324 you opened a magic chest. On T:48324 you opened a magic chest. On T:48325 you opened a magic chest. On T:48327 you opened a magic chest. On T:48330 you advanced to experience level 20. On T:48331 you advanced to experience level 21. On T:48331 you advanced to experience level 22. On T:48332 you advanced to experience level 23. On T:48332 you advanced to experience level 24. On T:48333 you advanced to experience level 25. On T:48334 you advanced to experience level 26. On T:48334 you advanced to experience level 27. On T:48352 you opened a magic chest. On T:48352 you opened a magic chest. On T:48353 you opened a magic chest. On T:48354 you opened a magic chest. On T:48354 you opened a magic chest. On T:48355 you opened a magic chest. On T:48361 you opened a magic chest. On T:48363 you opened a magic chest. On T:48363 you opened a magic chest. On T:48364 you opened a magic chest. On T:48389 you opened a magic chest. On T:48401 you opened a magic chest. On T:48403 you opened a magic chest. On T:48944 you reached level 2 of Vlad's Tower. On T:49056 you reached level 1 of Vlad's Tower. On T:49153 you killed Vlad the Impaler on level 1 of Vlad's Tower. On T:49708 you reached level 17 of Gehennom. On T:49852 you reached level 18 of Gehennom. On T:49949 you reached level 16 of Gehennom. On T:50023 you reached level 15 of Gehennom. On T:50710 you killed Orcus on level 13 of Gehennom. On T:51266 you opened a magic chest. On T:51266 you opened a magic chest. On T:51317 you opened a magic chest. On T:52415 you reached level 19 of Gehennom. On T:52433 you reached level 20 of Gehennom. On T:53389 you reached level 21 of Gehennom. On T:53471 you reached level 22 of Gehennom. On T:53797 you reached level 23 of Gehennom. On T:54086 you advanced to experience level 28. On T:54239 you reached level 24 of Gehennom. On T:54946 you reached level 25 of Gehennom. On T:55228 you reached level 26 of Gehennom. On T:56259 you reached level 27 of Gehennom. Score breakdown: Gold: 13448 ( 1344 points) Experience: 28 levels ( 2000 points) Exploration: 56 levels ( 1650 points) Discoveries: 135 items ( 2000 points) Variety of kills: 268 monsters ( 2000 points) Major goal: killed Vlad the Impaler ( 2500 points) Survival: died (score multiplied by 3) Total score: 34482 Latest messages: You can move again. You sink deeper into the lava. Your scroll of create monster catches fire and burns! You aren't hurt! Your potion of speed boils and explodes! You sink deeper into the lava. You put a wand of make invisible into the bag of holding. You put a wand of lightning into the bag of holding. You put a wand of teleportation into the bag of holding. You put a wand of undead turning into the bag of holding. You put a jasper stone into the bag of holding. The marilith just misses! The marilith claws you! The marilith misses. The marilith claws you! The marilith misses. The marilith claws you! You can move again. You are stuck in the lava. You sink below the surface and die. Final status: Goodbye woodfighter the Barbarian, dissolved in molten lava... You dissolved in Gehennom on dungeon level 56 with 34482 points, and 13448 pieces of gold, after 56800 moves. You were level 28 with a maximum of 252 hit points when you dissolved.